AoeStats
← flynorc

Nomad

508727815Analyzed
2v2 RM · 7d ago on Sep 23, 2026· 19m 49s· 4 players
Game mode
Random Map
Map size
176×176
Population
200
Speed
Normal
Resources
Standard
Victory
Conquest
Starting age
Dark Age
Ending age
Imperial Age
RankedLock teamsTeams togetherTeam positionsShared explorationLock speedFull tech treeHidden civsTurbo modeCheats
Victory
Defeat
🇦🇷 Muisca · Argentina
1493
+11
🇦🇷 Inca · Argentina
1370
+17
🇺🇸 Goths · United States
1383
-14
🇦🇹 Saracens · Austria
1379
-14
flynorc
6:48 Loom
14:03 Feudal Age
14:57 Double-Bit Axe
17:07 Wheelbarrow
17:27 Fletching
19:34 Fishing Lines
Dr.scifly
4:47 Loom
15:25 Feudal Age
21:22 Castle Age
APs | Power to the People
12:29 Feudal Age
13:43 Double-Bit Axe
16:05 Castle Age
15:49 Gold Mining
16:47 Town Watch
APs | MercadoDelAge
10:46 Loom
13:07 Feudal Age
13:48 Double-Bit Axe
17:14 Fletching
Connection lost

Rejoining the realm…

Still unreachable

The connection could not be restored.

Session expired

The server has moved on; the page needs a fresh start.